 Dungeon Crawl Stone Soup version 0.23.2-33-g5129a83184 (webtiles) character file.

Game seed: 9607858745996493216

2484 dragonscale333 the Frost Mage (level 9, -4/57 HPs)
             Began as a Barachi Ice Elementalist on July 9, 2019.
             Was a Follower of Cheibriados.
             Slain by buskinjo's ghost (15 damage)
             ... on level 6 of the Dungeon.
             The game lasted 00:19:12 (8609 turns).

dragonscale333 the Frost Mage (BaIE)                Turns: 8609, Time: 00:19:13

Health: -4/57      AC:  6    Str: 11    XL:     9   Next: 52%
Magic:  5/16       EV: 17    Int: 21    God:    Cheibriados [*.....]
Gold:   380        SH:  0    Dex: 15    Spells: 8/18 levels left

rFire    + + .     SeeInvis .   x - +2 whip (freeze)
rCold    . . .     Gourm    .   (no shield)
rNeg     . . .     Faith    .   w - +2 robe {rF+}
rPois    .         Spirit   .   (no helmet)
rElec    .         Reflect  .   Q - +1 cloak
rCorr    .         Harm     .   (no gloves)
MR       .....                  (no boots)
Stlth    ++........             s - amulet of magic regeneration
HPRegen  0.19/turn              v - +3 ring of evasion
MPRegen  0.40/turn              y - ring of protection from fire

@: lethally poisoned (-4 -> -4), very slow
A: +LOS, swims, slowness 1, strong legs 1
a: Hop, Bend Time, Renounce Religion


You were on level 6 of the Dungeon.
You worshipped Cheibriados.
Cheibriados was aware of your devotion.
You were hungry.

You visited 2 branches of the dungeon, and saw 7 of its levels.

You collected 380 gold pieces.

Inventory:

Hand Weapons
 e - a +2 dagger of venom
 x - a +2 whip of freezing (weapon)
 B - a +0 great sword
Armour
 a - a +0 robe
 u - a +1 chain mail of fire resistance
 w - a +2 robe of fire resistance (worn)
 M - the +2 ring mail of Exclusion {Str+4, unknown}
   (You found it on level 6 of the Dungeon)

   It affects your strength (+4).
 Q - a +1 cloak (worn)
 R - the +7 ring mail of Insatiable Hunger {Dex+3, unknown}
   (You found it on level 6 of the Dungeon)

   It affects your dexterity (+3).
Jewellery
 s - an amulet of magic regeneration (around neck)
 v - a +3 ring of evasion (left hand)
 y - a ring of protection from fire (right hand)
 z - an uncursed ring of fire
 C - an uncursed ring of fire
 D - an uncursed ring of fire
 G - a cursed ring of poison resistance
 O - a +2 amulet of reflection {unknown}
Wands
 i - a wand of random effects (11)
 p - a wand of paralysis (8)
 t - a wand of iceblast (5)
 J - a wand of flame (23)
Scrolls
 g - 2 scrolls of amnesia
 j - 9 scrolls of remove curse
 E - 2 scrolls of teleportation
Potions
 d - a potion of degeneration
 f - a potion of brilliance
 h - a potion of haste
 k - a potion of lignification
 n - a potion of agility
 o - 3 potions of flight
 A - a potion of magic
 F - a potion of invisibility {unknown}
 I - 2 potions of might
 L - a potion of resistance {unknown}
Comestibles
 c - 13 rations


   Skills:
 - Level 5.0 Armour
 - Level 4.0 Dodging
 - Level 1.8 Stealth
 - Level 5.0 Spellcasting
 + Level 6.0 Conjurations
 - Level 11.0 Ice Magic


You had 8 spell levels left.
You knew the following spells:

 Your Spells              Type           Power        Failure   Level  Hunger
a - Freeze                Ice            ####         1%          1    None
b - Ozocubu's Armour      Chrm/Ice       ####....     3%          3    ##.....
c - Throw Frost           Conj/Ice       #####.       1%          2    None
d - Throw Icicle          Conj/Ice       #####...     3%          4    ####...

Your spell library contained the following spells:

 Spells                   Type           Power        Failure   Level  Hunger
 Magic Dart               Conj           ####         1%          1    None
 Searing Ray              Conj           ####..       1%          2    None
 Iskenderun's Mystic Bla  Conj           ####....     9%          4    ####...
 Dazzling Spray           Conj/Hex       ###...       10%         3    ##.....
 Summon Ice Beast         Ice/Summ       ####....     11%         4    ####...
 Force Lance              Conj/Tloc      ###.....     30%         4    ####...
 Fulminant Prism          Conj/Hex       ###.......   30%         4    ####...


Dungeon Overview and Level Annotations

Branches:
Dungeon (6/15)             Temple (1/1) D:6

Altars:
Ashenzari
Cheibriados
Dithmenos
Elyvilon
Fedhas
Gozag
Hepliaklqana
Makhleb
Okawaru
Qazlal
Ru
Sif Muna
Trog
Vehumet
Xom
Zin
The Shining One

Shops:
D:5 :

Annotations:
D:6 1 transporter, buskinjo's ghost, novice FeTm


Innate Abilities, Weirdness & Mutations

Shadows flee at your approach. (+LOS)
You can swim through water.
You cover ground slowly.
You can hop short distances.


Message History

The shard of ice misses buskinjo's ghost.
Buskinjo's ghost hits you.
* * * LOW HITPOINT WARNING * * *
Casting: Throw Icicle (safe; 3% risk of failure)
Confirm with . or Enter, or press ? or * to list all spells.
Aiming: Throw Icicle (safe; 3% risk of failure)
Press: ? - help, Shift-Dir - straight line, f/p - buskinjo's ghost
Aim: buskinjo's ghost The shard of ice misses buskinjo's ghost.
You are feeling hungry.
Buskinjo's ghost barely misses you.
Casting: Throw Icicle (safe; 3% risk of failure)
Confirm with . or Enter, or press ? or * to list all spells.
Aiming: Throw Icicle (safe; 3% risk of failure)
Press: ? - help, Shift-Dir - straight line, f/p - buskinjo's ghost
Aim: buskinjo's ghost The shard of ice hits buskinjo's ghost!
Buskinjo's ghost is moderately damaged.
Buskinjo's ghost hits you!
You die...

#..≈≈≈≈≈≈≈≈≈≈≈...≈≈≈≈≈≈≈≈≈≈≈.....
#..≈≈≈≈≈≈≈≈≈≈≈...≈≈≈≈≈≈≈≈≈≈≈..###
#..≈≈#####...........#####≈≈..#
#..≈≈#.#g#.###.©.###.#.#.#≈≈..#
#..≈≈#...###©#####.###...#≈≈..#
#..≈≈###...g...........###≈≈..#
#..≈≈.8#.######)###'##.#8.≈≈.##
#..≈≈.##.#$$g#8.)#...#.##.≈≈.#
#..≈≈.#..'?.:#⌠©@)...'..#.≈≈.#
#..≈≈.##.#$.=#8)W#...#.##.≈≈.#
#..≈≈.8#.######)###'##.#8.≈≈.#
#..≈≈###.g.............###≈≈.#
#..≈≈#...###.#####.###...#≈≈.#
#..≈≈#.#.#.###.©.###.#g#.#≈≈.#
#..≈≈#####...........#####≈≈.##
#..≈≈≈≈≈≈≈≈≈≈≈≈≈≈≈≈≈≈≈≈≈≈≈≈≈..#
#..≈≈≈≈≈≈≈≈≈≈≈≈≈≈≈≈≈≈≈≈≈≈≈≈≈..###


You could see buskinjo's ghost.

Vanquished Creatures
  Pikel (D:4)
  A hippogriff (D:6)
  Duvessa (D:6)
  An orc warrior (D:6)
  A sky beast (D:5)
  A black bear (D:6)
  An ice beast (D:5)
  2 slaves (D:3)
  An ogre (D:6)
  2 centaurs (D:5)
  A gnoll sergeant (D:6)
  Dowan (D:6)
  3 scorpions
  A howler monkey (D:6)
  2 crimson imps (D:6)
  An orc priest (D:5)
  2 gnoll shamans
  An iguana (D:5)
  Ijyb (D:3)
  5 worker ants
  5 orc wizards
  A hound skeleton (D:4)
  Robin (D:2)
  A howler monkey zombie (D:5)
  10 gnolls
  8 adders
  2 shadow imps (D:4)
  An ooze (D:3)
  An adder skeleton (D:5)
  5 worms
  3 dart slugs
  4 leopard geckos
  20 orcs
  8 giant cockroaches
  18 goblins
  7 hobgoblins
  2 quokkas
  3 bats
  3 frilled lizards
  3 jackal skeletons (D:4)
  11 kobolds
  2 leopard gecko skeletons
  12 rats
161 creatures vanquished.

Vanquished Creatures (others)
  A bullfrog skeleton (D:4)
  6 plants (D:6)
7 creatures vanquished.

Grand Total: 168 creatures vanquished

Notes
Turn   | Place    | Note
-------+----------+-------------------------------------------
     0 | D:1      | dragonscale333 the Barachi Ice Elementalist began the quest
                  | for the Orb.
     0 | D:1      | Reached XP level 1. HP: 13/13 MP: 3/3
   306 | D:1      | Reached XP level 2. HP: 19/19 MP: 0/5
   605 | D:1      | Reached skill level 4 in Ice Magic
  1051 | D:2      | Reached XP level 3. HP: 24/24 MP: 6/6
  1572 | D:2      | Reached skill level 5 in Ice Magic
  1572 | D:2      | Reached XP level 4. HP: 21/30 MP: 4/8
  2103 | D:2      | Noticed Robin
  2138 | D:2      | Killed Robin
  2476 | D:2      | Found a blossoming altar of Fedhas.
  2634 | D:2      | Learned a level 3 spell: Ozocubu's Armour
  2637 | D:2      | Learned a level 2 spell: Throw Frost
  2730 | D:3      | Found a deep blue altar of Sif Muna.
  2749 | D:3      | Found an iron altar of Okawaru.
  2967 | D:3      | Reached XP level 5. HP: 32/35 MP: 7/10
  3004 | D:3      | Found a shadowy altar of Dithmenos.
  3331 | D:3      | Found a burning altar of Makhleb.
  3483 | D:3      | Noticed Ijyb
  3488 | D:3      | Killed Ijyb
  3561 | D:3      | Noticed a moth of wrath
  3563 | D:3      | Found a bloodstained altar of Trog.
  3841 | D:4      | Noticed a slave
  3863 | D:4      | Noticed a slave
  3863 | D:4      | Noticed a slave
  3865 | D:4      | Noticed a slave
  3878 | D:3      | Killed a slave
  4303 | D:4      | Reached XP level 6. HP: 34/41 MP: 7/12
  4542 | D:4      | Noticed Pikel
  4570 | D:3      | Killed a slave
  4783 | D:4      | Killed Pikel
  4783 | D:4      | Reached skill level 8 in Ice Magic
  4783 | D:4      | Reached XP level 7. HP: 22/46 MP: 2/13
  5004 | D:4      | Found an iron altar of Okawaru.
  5309 | D:5      | Entered Level 5 of the Dungeon
  5309 | D:5      | Found a burning altar of Makhleb.
  5343 | D:4      | Reached skill level 9 in Ice Magic
  5343 | D:4      | Reached XP level 8. HP: 32/52 MP: 11/14
  6185 | D:5      | Reached skill level 5 in Spellcasting
  6308 | D:5      | Reached skill level 5 in Conjurations
  6482 | D:5      | Learned a level 4 spell: Throw Icicle
  6544 | D:5      | Found Kuywyask's Book Shop.
  7118 | D:6      | Noticed a hippogriff
  7126 | D:6      | Killed a hippogriff
  7126 | D:6      | Reached skill level 10 in Ice Magic
  7126 | D:6      | Reached XP level 9. HP: 53/57 MP: 7/16
  7158 | D:6      | Found a transporter.
  7159 | D:6      | Found a transporter.
  7175 | D:6      | Noticed buskinjo's ghost (novice FeTm)
  7189 | D:6      | Got a scorched ring mail
  7247 | D:6      | Reached skill level 11 in Ice Magic
  7315 | D:6      | Reached skill level 1 in Armour
  7594 | D:6      | Found a staircase to the Ecumenical Temple.
  7606 | Temple   | Entered the Ecumenical Temple
  7679 | Temple   | Became a worshipper of Cheibriados the Contemplative
  7724 | D:6      | Noticed Dowan
  7726 | D:6      | Noticed Duvessa
  7741 | D:6      | Killed Duvessa
  7743 | D:6      | Killed Dowan
  8007 | D:6      | Got a dazzling ring mail
  8048 | D:6      | Reached skill level 5 in Armour
  8574 | D:6      | Reached * piety under Cheibriados
  8609 | D:6      | Slain by buskinjo's ghost

Skill      XL: |  1  2  3  4  5  6  7  8  9 |
---------------+----------------------------+-----
Ice Magic      | 4 5 8 9 10 11 | 11.0
Spellcasting   | 3 4 5 |  5.0
Conjurations   | 3 4 5 6 |  6.0
Dodging        | 4 |  4.0
Armour         | 5 |  5.0
Stealth        | |  1.8

Action                   |  1- 3 |  4- 6 |  7- 9 || total
-------------------------+-------+-------+-------++-------
Melee: Unarmed           |     2 |       |       ||     2
       Dagger            |     9 |    63 |     3 ||    75
       Whip              |       |       |    45 ||    45
 Cast: Freeze            |    39 |   104 |   148 ||   291
       Ozocubu's Armour  |       |     4 |    10 ||    14
       Throw Frost       |       |       |     7 ||     7
       Throw Icicle      |       |       |    15 ||    15
 Abil: Hop               |       |     1 |       ||     1
Evoke: Wand              |       |       |     4 ||     4
  Use: Potion            |       |     3 |     7 ||    10
       Scroll            |       |     5 |    10 ||    15
 Stab: Sleeping          |     3 |     7 |     1 ||    11
  Eat: Chunk             |     3 |     9 |    14 ||    26
       Ration            |       |       |     1 ||     1
Armor: Robe              |    10 |    14 |    32 ||    56
Dodge: Dodged            |    30 |    98 |   216 ||   344
